L3
ILOILO TURTLES @ CHENNAI BARONS
06/03/2111
 
TOP OF THE 1ST
Iloilo Turtles batting - Pitching for Chennai Barons : LHP Amenzu Sarahani
Pitching: LHP Amenzu Sarahani
Batting: RHB Najm al Din bin Abbas 0-0: Foul Ball, location: 5F
0-1: Ball
1-1: Ball
2-1: SINGLE (Groundball, 6S, EV 77.5 MPH) (infield hit)
Batting: SHB Armando Romero 0-0: Bunted foul
0-1: Ball
Najm al Din bin Abbas steals 2nd base
1-1: Bunted foul
1-2: Ball
2-2: Foul Ball, location: 2F
2-2: Ball
3-2: Fly out, F8 (Line Drive, 78M, EV 95.0 MPH)
Batting: SHB Shermarke Liyongo 0-0: Foul Ball, location: 9LDF
0-1: Foul Ball, location: 23F
0-2: Ball
1-2: Foul Ball, location: 2F
1-2: SINGLE (Popup, 34, EV 68.8 MPH)
Najm al Din bin Abbas to third
Batting: RHB Imazighen Salah 0-0: SINGLE (Line Drive, 78S, EV 95.0 MPH)
Najm al Din bin Abbas scores
Shermarke Liyongo to second
Batting: RHB Rich Ramirez 0-0: Called Strike
0-1: Ball
1-1: Called Strike
1-2: Fly out, F8 (Flyball, 8LD, EV 80.0 MPH)
Batting: RHB Sarsour bin Nazih 0-0: Ball
1-0: SINGLE (Line Drive, 8RS, EV 93.8 MPH)
Shermarke Liyongo to third
Imazighen Salah to second
Batting: RHB Son Pham 0-0: Called Strike
0-1: Foul Ball, location: 3SF
0-2: Ball
1-2: Fly out, F8 (Line Drive, 8RM, EV 94.4 MPH)
Top of the 1st over - 1 run, 4 hits, 0 errors, 3 left on base; Iloilo 1 - Chennai 0
BOTTOM OF THE 1ST
Chennai Barons batting - Pitching for Iloilo Turtles : RHP Acku Kheri
Pitching: RHP Acku Kheri
Batting: SHB Amellal Kinda 0-0: Called Strike
0-1: Called Strike
0-2: Ball
1-2: Foul Ball, location: 2F
1-2: Strikes out looking
Batting: SHB Philip Hodgson 0-0: Called Strike
0-1: Ball
1-1: Foul Ball, location: 7LDF
1-2: Strikes out swinging
Batting: RHB Eduardo Rodriguez 0-0: Swinging Strike
0-1: SINGLE (Groundball, 6MD, EV 98.8 MPH)
Batting: RHB Adham bin Ma'n 0-0: Called Strike
0-1: Swinging Strike
0-2: Ball
1-2: Fly out, F9 (Flyball, 9D, EV 78.8 MPH)
Bottom of the 1st over - 0 runs, 1 hit, 0 errors, 1 left on base; Iloilo 1 - Chennai 0
TOP OF THE 2ND
Iloilo Turtles batting - Pitching for Chennai Barons : LHP Amenzu Sarahani
Batting: RHB Tzidkiyahu Arad 0-0: Ball
1-0: Called Strike
1-1: Ball
2-1: Fly out, F2 (Popup, 23F, EV 78.1 MPH)
Batting: RHB Quon Ji 0-0: Swinging Strike
0-1: Swinging Strike
0-2: Strikes out swinging
Batting: RHB Najm al Din bin Abbas 0-0: Ball
1-0: Ball
2-0: Called Strike
2-1: Ball
3-1: Base on Balls
Batting: SHB Armando Romero 0-0: Called Strike
0-1: Foul Ball, location: 9LDF
0-2: Ball
1-2: Ball
2-2: Foul Ball, location: 2RF
2-2: Foul Ball, location: 9LDF
2-2: Foul Ball, location: 9LSF
2-2: Ball
3-2: Strikes out swinging
Top of the 2nd over - 0 runs, 0 hits, 0 errors, 1 left on base; Iloilo 1 - Chennai 0
BOTTOM OF THE 2ND
Chennai Barons batting - Pitching for Iloilo Turtles : RHP Acku Kheri
Batting: LHB Ra'id bin Haytham 0-0: Foul Ball, location: 2F
0-1: Foul Ball, location: 7LSF
0-2: Strikes out swinging
Batting: LHB Manh-Dung Lu 0-0: Called Strike
0-1: Single, Error in OF, E7, batter to second base (Groundball, 56D, EV 108.8 MPH)
Batting: RHB Irgen Gachu 0-0: Ball
1-0: Ball
2-0: Ball
3-0: Base on Balls
Batting: RHB Edouard Penni 0-0: Fly out, F7 (Flyball, 78M, EV 93.1 MPH)
Lined into DP, 7-3 (Flyball, 78M, EV 93.1 MPH)
Bottom of the 2nd over - 0 runs, 1 hit, 1 error, 1 left on base; Iloilo 1 - Chennai 0
TOP OF THE 3RD
Iloilo Turtles batting - Pitching for Chennai Barons : LHP Amenzu Sarahani
Batting: SHB Shermarke Liyongo 0-0: Ball
1-0: Foul Ball, location: 9LDF
1-1: Foul Ball, location: 5F
1-2: Ball
2-2: SINGLE (Groundball, 6MD, EV 96.9 MPH)
Batting: RHB Imazighen Salah 0-0: SINGLE (Groundball, 34D, EV 93.8 MPH)
Shermarke Liyongo to second
Batting: RHB Rich Ramirez 0-0: Ball
1-0: Called Strike
1-1: Ball
2-1: Ball
3-1: Called Strike
3-2: SINGLE (Line Drive, 78M, EV 105.6 MPH)
Shermarke Liyongo to third
Imazighen Salah to second
Batting: RHB Sarsour bin Nazih 0-0: Ball
1-0: Swinging Strike
1-1: Foul Ball, location: 9LDF
1-2: Strikes out swinging
Batting: RHB Son Pham 0-0: Ball
1-0: Ball
2-0: Swinging Strike
2-1: Called Strike
2-2: Ball
3-2: Strikes out swinging
Batting: RHB Tzidkiyahu Arad 0-0: Foul Ball, location: 2F
0-1: Ball
1-1: Ball
2-1: Ball
3-1: Base on Balls
Shermarke Liyongo scores
Imazighen Salah to third
Rich Ramirez to second
Batting: RHB Quon Ji 0-0: Ball
1-0: Ball
2-0: Ball
3-0: Called Strike
3-1: Foul Ball, location: 9LSF
3-2: Base on Balls
Imazighen Salah scores
Rich Ramirez to third
Tzidkiyahu Arad to second
Batting: RHB Najm al Din bin Abbas 0-0: Fly out, F7 (Line Drive, 7S, EV 97.5 MPH)
Top of the 3rd over - 2 runs, 3 hits, 0 errors, 3 left on base; Iloilo 3 - Chennai 0
BOTTOM OF THE 3RD
Chennai Barons batting - Pitching for Iloilo Turtles : RHP Acku Kheri
Batting: RHB Sung-min Jung 0-0: Swinging Strike
0-1: Swinging Strike
0-2: Fly out, F9 (Flyball, 9S, EV 91.3 MPH)
Batting: SHB Amellal Kinda 0-0: Called Strike
0-1: Ground out 6-3 (Groundball, 6, EV 101.3 MPH)
Batting: SHB Philip Hodgson 0-0: Foul Ball, location: 2F
0-1: Ball
1-1: Swinging Strike
1-2: Ball
2-2: Foul Ball, location: 2F
2-2: Strikes out looking
Bottom of the 3rd over - 0 runs, 0 hits, 0 errors, 0 left on base; Iloilo 3 - Chennai 0
TOP OF THE 4TH
Iloilo Turtles batting - Pitching for Chennai Barons : LHP Amenzu Sarahani
Batting: SHB Armando Romero 0-0: Ball
1-0: Ball
2-0: Ball
3-0: Called Strike
3-1: Called Strike
3-2: Base on Balls
Batting: SHB Shermarke Liyongo 0-0: Foul Ball, location: 2F
0-1: Called Strike
0-2: Ball
1-2: Ball
2-2: Ball
3-2: Reached on error, E5 (Groundball, 5, EV 85.6 MPH)
Armando Romero to second
Batting: RHB Imazighen Salah 0-0: Foul Ball, location: 2F
0-1: Swinging Strike
0-2: Fly out, F7 (Flyball, 78S, EV 96.9 MPH)
Batting: RHB Rich Ramirez 0-0: Called Strike
0-1: Fly out, F9 (Line Drive, 9S, EV 110.0 MPH)
Batting: RHB Sarsour bin Nazih 0-0: Swinging Strike
0-1: Called Strike
0-2: Strikes out swinging
Top of the 4th over - 0 runs, 0 hits, 1 error, 2 left on base; Iloilo 3 - Chennai 0
BOTTOM OF THE 4TH
Chennai Barons batting - Pitching for Iloilo Turtles : RHP Acku Kheri
Batting: RHB Eduardo Rodriguez 0-0: Ground out 5-3 (Groundball, 56S, EV 87.5 MPH)
Batting: RHB Adham bin Ma'n 0-0: Called Strike
0-1: Foul Ball, location: 9LSF
0-2: Ball
1-2: Ball
2-2: Fly out, F8 (Flyball, 8LXD, EV 106.3 MPH)
Batting: LHB Ra'id bin Haytham 0-0: Fly out, F8 (Flyball, 89M, EV 95.0 MPH)
Bottom of the 4th over - 0 runs, 0 hits, 0 errors, 0 left on base; Iloilo 3 - Chennai 0
TOP OF THE 5TH
Iloilo Turtles batting - Pitching for Chennai Barons : LHP Amenzu Sarahani
Batting: RHB Son Pham 0-0: Called Strike
0-1: Ball
1-1: Hit by Pitch
Batting: RHB Tzidkiyahu Arad 0-0: Foul Ball, location: 9LMF
0-1: Ball
1-1: Ball
2-1: Foul Ball, location: 3F
2-2: Ball
3-2: Foul Ball, location: 2F
3-2: Base on Balls
Son Pham to second
Pitching: LHP Wajih bin Ubadah
Batting: RHB Quon Ji 0-0: Fly out, F7 (Flyball, 7D, EV 105.0 MPH)
Batting: RHB Najm al Din bin Abbas 0-0: Foul Ball, location: 5FF
0-1: Grounds into double play, 4-6-3 (Groundball, 4, EV 106.3 MPH)
Top of the 5th over - 0 runs, 0 hits, 0 errors, 1 left on base; Iloilo 3 - Chennai 0
BOTTOM OF THE 5TH
Chennai Barons batting - Pitching for Iloilo Turtles : RHP Acku Kheri
Batting: LHB Manh-Dung Lu 0-0: Ball
1-0: Ball
2-0: Called Strike
2-1: Foul Ball, location: 2F
2-2: Fly out, F8 (Flyball, 89S, EV 91.9 MPH)
Batting: RHB Irgen Gachu 0-0: Fly out, F3 (Popup, 3, EV 72.5 MPH)
Batting: RHB Edouard Penni 0-0: Ball
1-0: Called Strike
1-1: Fly out, F8 (Line Drive, 8LM, EV 101.3 MPH)
Bottom of the 5th over - 0 runs, 0 hits, 0 errors, 0 left on base; Iloilo 3 - Chennai 0
TOP OF THE 6TH
Iloilo Turtles batting - Pitching for Chennai Barons : LHP Wajih bin Ubadah
Batting: SHB Armando Romero 0-0: Called Strike
0-1: Fly out, F7 (Line Drive, 78M, EV 101.9 MPH)
Batting: SHB Shermarke Liyongo 0-0: Ball
1-0: Ball
2-0: Fly out, F7 (Flyball, 78M, EV 91.9 MPH)
Batting: RHB Imazighen Salah 0-0: Foul Ball, location: 25F
0-1: Ball
1-1: Fly out, F8 (Flyball, 89D, EV 100.6 MPH)
Top of the 6th over - 0 runs, 0 hits, 0 errors, 0 left on base; Iloilo 3 - Chennai 0
BOTTOM OF THE 6TH
Chennai Barons batting - Pitching for Iloilo Turtles : RHP Acku Kheri
Batting: RHB Sung-min Jung 0-0: Ball
1-0: Fly out, F7 (Line Drive, 7D, EV 90.6 MPH)
Batting: SHB Amellal Kinda 0-0: Foul Ball, location: 3F
0-1: Ground out 5-3 (Groundball, 5, EV 93.1 MPH)
Batting: SHB Philip Hodgson 0-0: Ball
1-0: Called Strike
1-1: Ball
2-1: Ground out 6-3 (Groundball, 6, EV 100.6 MPH)
Bottom of the 6th over - 0 runs, 0 hits, 0 errors, 0 left on base; Iloilo 3 - Chennai 0
TOP OF THE 7TH
Iloilo Turtles batting - Pitching for Chennai Barons : LHP Wajih bin Ubadah
Batting: RHB Rich Ramirez 0-0: Called Strike
0-1: Swinging Strike
0-2: Strikes out swinging
Batting: RHB Sarsour bin Nazih 0-0: Ball
1-0: Ball
2-0: Ball
3-0: Base on Balls
Batting: RHB Son Pham 0-0: Ball
1-0: Fly out, F2 (Popup, 2R, EV 93.8 MPH)
Batting: RHB Tzidkiyahu Arad 0-0: Fly out, F6 (Line Drive, 6, EV 71.3 MPH)
Top of the 7th over - 0 runs, 0 hits, 0 errors, 1 left on base; Iloilo 3 - Chennai 0
BOTTOM OF THE 7TH
Chennai Barons batting - Pitching for Iloilo Turtles : RHP Acku Kheri
Batting: RHB Eduardo Rodriguez 0-0: Ball
1-0: Ground out 5-3 (Groundball, 56S, EV 88.1 MPH)
Batting: RHB Adham bin Ma'n 0-0: Ball
1-0: Ball
2-0: Swinging Strike
2-1: Ball
3-1: Base on Balls
Pitching: RHP Long Tran-Thanh
Batting: LHB Ra'id bin Haytham 0-0: Foul Ball, location: 3DF
0-1: Foul Ball, location: 2F
0-2: TRIPLE (Flyball, 89XD, EV 92.5 MPH)
Adham bin Ma'n scores
Batting: LHB Manh-Dung Lu 0-0: Foul Ball, location: 2F
0-1: Ball
1-1: Ground out 5-3 (Groundball, 56, EV 81.3 MPH)
Ra'id bin Haytham scores
Pinch Hitting: LHB Amin Fathy 0-0: Called Strike
0-1: Foul Ball, location: 23F
0-2: Ball
1-2: Fly out, F6 (Popup, 4, EV 64.4 MPH)
Bottom of the 7th over - 2 runs, 1 hit, 0 errors, 0 left on base; Iloilo 3 - Chennai 2
TOP OF THE 8TH
Iloilo Turtles batting - Pitching for Chennai Barons : LHP Wajih bin Ubadah
Now at 3B: Amma Kifimbo
Batting: RHB Quon Ji 0-0: Ball
1-0: Ball
2-0: Ball
3-0: Called Strike
3-1: Called Strike
3-2: Foul Ball, location: 2F
3-2: Foul Ball, location: 5DF
3-2: Fly out, F8 (Flyball, 89S, EV 91.9 MPH)
Batting: RHB Najm al Din bin Abbas 0-0: Foul Ball, location: 9LSF
0-1: Called Strike
0-2: Foul Ball, location: 2F
0-2: Fly out, F3 (Popup, 3F, EV 57.5 MPH)
Batting: SHB Armando Romero 0-0: Ball
1-0: Foul Ball, location: 23F
1-1: Ball
2-1: SOLO HOME RUN (Flyball, 78XD, EV 97.5 MPH), Distance : 391 ft
Batting: SHB Shermarke Liyongo 0-0: Ball
1-0: Called Strike
1-1: Ball
2-1: SINGLE (Groundball, 34D, EV 100.6 MPH)
Batting: RHB Imazighen Salah 0-0: Ball
1-0: Swinging Strike
1-1: Ball
2-1: Swinging Strike
2-2: Foul Ball, location: 2F
2-2: Fly out, F8 (Flyball, 8RM, EV 91.3 MPH)
Top of the 8th over - 1 run, 2 hits, 0 errors, 1 left on base; Iloilo 4 - Chennai 2
BOTTOM OF THE 8TH
Chennai Barons batting - Pitching for Iloilo Turtles : RHP Long Tran-Thanh
Pinch Hitting: SHB Melchiore Machadinho 0-0: Ball
1-0: Called Strike
1-1: Ground out 5-3 (Groundball, 56, EV 87.5 MPH)
Batting: RHB Sung-min Jung 0-0: Foul Ball, location: 3F
0-1: Swinging Strike
0-2: Ball
1-2: Ground out 5-3 (Groundball, 56, EV 86.3 MPH)
Batting: SHB Amellal Kinda 0-0: Called Strike
0-1: Fly out, F4 (Line Drive, 4, EV 70.0 MPH)
Bottom of the 8th over - 0 runs, 0 hits, 0 errors, 0 left on base; Iloilo 4 - Chennai 2
TOP OF THE 9TH
Iloilo Turtles batting - Pitching for Chennai Barons : LHP Wajih bin Ubadah
Now at 1B: Ka'im bin Husayn
Batting: RHB Rich Ramirez 0-0: DOUBLE (Line Drive, 78D, EV 107.5 MPH)
Batting: RHB Sarsour bin Nazih 0-0: Intentional Walk
Pitching: LHP Joel Davis
Batting: RHB Son Pham 0-0: Swinging Strike
0-1: Ball
1-1: Swinging Strike
1-2: Ball
2-2: Ball
3-2: Strikes out swinging
Batting: RHB Tzidkiyahu Arad 0-0: SINGLE (Groundball, 56, EV 86.3 MPH)
Rich Ramirez to third
Sarsour bin Nazih to second
Pinch Hitting: RHB Salah Hisham 0-0: Fly out, F9 (Flyball, 89M, EV 87.5 MPH)
Batting: RHB Najm al Din bin Abbas 0-0: Called Strike
0-1: Ball
1-1: SINGLE (Groundball, 34D, EV 96.3 MPH)
Rich Ramirez scores
Sarsour bin Nazih to third
Tzidkiyahu Arad to second
Batting: SHB Armando Romero 0-0: Ball
1-0: Ball
2-0: Ball
3-0: Called Strike
3-1: DOUBLE (Flyball, 78XD, EV 97.5 MPH)
Sarsour bin Nazih scores
Tzidkiyahu Arad scores
Najm al Din bin Abbas to third
Batting: SHB Shermarke Liyongo 0-0: Called Strike
0-1: SINGLE (Flyball, 7LS, EV 95.6 MPH)
Najm al Din bin Abbas scores
Armando Romero to third
Batting: RHB Imazighen Salah 0-0: Fielders Choice at 2nd, 6-4 (Groundball, 6, EV 101.9 MPH)
Top of the 9th over - 4 runs, 5 hits, 0 errors, 2 left on base; Iloilo 8 - Chennai 2
BOTTOM OF THE 9TH
Chennai Barons batting - Pitching for Iloilo Turtles : RHP Long Tran-Thanh
Now at 1B: Salah Hisham
Batting: SHB Philip Hodgson 0-0: Called Strike
0-1: Swinging Strike
0-2: Hit by Pitch
Batting: RHB Eduardo Rodriguez 0-0: Called Strike
0-1: Fly out, F8 (Flyball, 8RS, EV 94.4 MPH)
Batting: RHB Adham bin Ma'n 0-0: Fly out, F8 (Flyball, 8LM, EV 75.6 MPH)
Batting: LHB Ra'id bin Haytham 0-0: Foul Ball, location: 3DF
0-1: Ground out 4-3 (Groundball, 4D, EV 105.6 MPH)
Bottom of the 9th over - 0 runs, 0 hits, 0 errors, 1 left on base; Iloilo 8 - Chennai 2
Wednesday, August 28th , 2024 - OOTP Baseball 25.8 Build 87